 Dungeon Crawl Stone Soup version 0.28.0-53-g5a82cb258f (webtiles) character file.

Game seed: 13624060312195966614

1 gobodom the Sneak (level 1, 0/18 HPs)
             Began as a Demonspawn Delver on June 7, 2022.
             Succumbed to an adder's poison
             ... on level 3 of the Dungeon.
             The game lasted 00:03:05 (108 turns).

gobodom the Sneak (Demonspawn Delver)                Turns: 108, Time: 00:03:06

Health: 0/18       AC:  8    Str: 17    XL:     1   Next: 16%
Magic:  1/1        EV: 11    Int: 11    God:
Gold:   0          SH:  0    Dex: 14    Spells: 0/0 levels left

rFire   . . .      SeeInvis .   a - +0 hand axe
rCold   . . .      Faith    .   (no shield)
rNeg    . . .      Spirit   +   i - +3 ring mail of Slovenliness {rCorr Str+5 Slay+3}
rPois   .          Reflect  .   (no helmet)
rElec   .          Harm     .   (no cloak)
rCorr   +          Rampage  .   (no gloves)
Will    .....                   (no boots)
Stlth   ++........              k - amulet of guardian spirit
HPRegen 0.06/turn               (no ring)
MPRegen 0.07/turn               (no ring)

@: lethally poisoned (0 -> -1)
A: no striking features
a: no special abilities


You were on level 3 of the Dungeon.
You visited 1 branch of the dungeon, and saw 3 of its levels.

Inventory:

Hand Weapons
 a - a +0 hand axe (weapon)
Armour
 b - a +0 leather armour
 i - the +3 ring mail of Slovenliness (worn) {rCorr Str+5 Slay+3}
   (You found it on level 5 of the Dungeon)

   Str:       It affects your strength (+5).
   Slay:      It affects your accuracy & damage with ranged weapons and melee
   (+3).
   rCorr:     It protects you from acid and corrosion.
Jewellery
 k - an amulet of guardian spirit (around neck)
Wands
 g - a wand of digging (3)
Scrolls
 c - a scroll of fog
Potions
 f - a potion of haste


   Skills:
 + Level 3.0 Fighting
 + Level 1.7 Axes
 + Level 1.7 Dodging
 + Level 4.6 Stealth


You couldn't memorise any spells.
You didn't know any spells.
Your spell library was empty.

Dungeon Overview and Level Annotations

Branches:
Dungeon (5/15)
 Temple: D:4-7

Altars:


Message History

The adder misses you.
You barely miss the adder. You closely miss the adder.
The adder bites you but does no damage. The adder bites you.
You are poisoned.
The adder poisons you! The adder bites you.
You are more poisoned.
The adder poisons you! The adder bites you but does no damage.
You hit the adder.
The adder is lightly wounded.
You closely miss the adder.
You feel very sick. The adder closely misses you.
The adder bites you but does no damage.
You barely miss the adder.
The adder is lightly wounded.
You barely miss the adder.
You feel sick. The adder bites you but does no damage.
The adder closely misses you. x2
The adder bites you but does no damage.
You hit the adder.
The adder is moderately wounded.
You hit the adder.
You feel sick. The adder closely misses you. The adder bites you.
* * * LOW HITPOINT WARNING * * *
As you read the scroll of fear, it crumbles to dust.
You assume a fearsome visage.
The adder looks frightened!
The orc looks frightened!
The adder looks frightened!
* * * LOW HITPOINT WARNING * * *
You feel sick.
The orc cowers, then darts away.
* * * LOW HITPOINT WARNING * * *
You feel sick.
As you read the scroll labelled GAUKIO BOMPU, it crumbles to dust.
It is a scroll of identify.
j - a scroll of blinking
* * * LOW HITPOINT WARNING * * *
You feel sick.
Unknown command.
Blink to where?
Press: ? - help, Dir - move target
As you read the scroll of blinking, it crumbles to dust.
You die...

##..........##..#
.#...........##.#
.##..........##ยง#
.S#..........)..#
..##.....S..###.#
...#......### #.#
...##...### #.#
......### #S#####
..##### #o@...# #
#####.#


You could see an adder (fleeing) and an orc (fleeing).

Vanquished Creatures
  A goblin (D:3)
1 creature vanquished.

Notes
Turn   | Place    | Note
-------+----------+-------------------------------------------
     0 | D:5      | gobodom the Demonspawn Delver began the quest for the Orb.
     0 | D:5      | Reached XP level 1. HP: 18/18 MP: 1/1
    38 | D:5      | Identified the +3 ring mail of Slovenliness {rCorr Str+5
                  | Slay+3}
   108 | D:3      | Succumbed to an adder's poison

Illustrated notes

Levels and vault maps discovered:
D:3:      minmay_skewed_foursquare, layout_loops_ring,
          minmay_misc_feat_diagonals, uniq_sigmund
D:4:      kennysheep_big_flooded_room, layout_loops_cross,
          chequers_serial_rivers_marsh
D:5:      wad_pebble_path, layout_basic, serial_bayou_crossing

Action                   || total
-------------------------++-------
Melee: Hand axe          ||     7
  Use: Scroll            ||     4
Armor: Ring mail         ||     6
Dodge: Dodged            ||     7
